 Dungeon Crawl Stone Soup version 0.18.1-8-gdd0e5ea (webtiles) character file.

10 Ery the Skirmisher (level 2, -5/40 HPs)
             Began as a Minotaur Berserker on June 8, 2016.
             Was a Follower of Trog.
             Slain by a gnoll
             ... wielding a +0 spear
              (10 damage)
             ... on level 1 of the Dungeon.
             The game lasted 00:02:03 (881 turns).

Ery the Skirmisher (Minotaur Berserker)              Turns: 881, Time: 00:02:04

Health: -5/40      AC:  2    Str: 31    XL:     2   Next: 10%
Magic:  1/1        EV: 12    Int:  4    God:    Trog [*.....]
Gold:   102        SH:  0    Dex:  9    Spells: 0 memorised, 1 level left

rFire  . . .     SeeInvis .     a - +0 hand axe
rCold  . . .     Gourm    .     b - +0 animal skin
rNeg   . . .     Faith    .     (no shield)
rPois  .         Spirit   .     (helmet restricted)
rElec  .         Dismiss  .     (no cloak)
rCorr  +         Reflect  .     (no gloves)
SustAt .         Harm     .     (no boots)
MR     .....                    (no amulet)
Stlth  ..........               n - +5 ring of strength
                                m - ring of resist corrosion

@: berserking, very quick, not resistant to hostile enchantments, extremely
unstealthy
A: retaliatory headbutt, horns 2
a: Berserk, Burn Spellbooks, Renounce Religion


You were on level 1 of the Dungeon.
You worshipped Trog.
Trog was aware of your devotion.
You were not hungry.

You visited 1 branch of the dungeon, and saw 2 of its levels.

You collected 102 gold pieces.

Inventory:

Hand Weapons
 a - a +0 hand axe (weapon)
Armour
 b - a +0 animal skin (worn)
Jewellery
 m - a ring of resist corrosion (left hand)
 n - a +5 ring of strength (right hand)
Scrolls
 d - a scroll of random uselessness {unknown}
 i - 2 scrolls of fog {unknown}
 j - a scroll of identify {unknown}
 l - a scroll of recharging {unknown}
Potions
 e - 2 potions of beneficial mutation {unknown}
 f - a potion of heal wounds {unknown}
 g - a potion of ambrosia {unknown}
 h - a potion of mutation {unknown}
Comestibles
 c - 3 bread rations
 k - a beef jerky


   Skills:
 + Level 4.0 Fighting
 + Level 3.7 Axes
 + Level 2.7 Armour
 + Level 2.3 Dodging


You had one spell level left.
You didn't know any spells.

Dungeon Overview and Level Annotations

Branches:
Dungeon (2/15)

Altars:

Annotations:
D:2 Jessica


Innate Abilities, Weirdness & Mutations

You reflexively headbutt those who attack you in melee.
You have a pair of horns on your head.


Message History

The quokka bites you but does no damage.
The giant gecko moves out of view.
The gnoll hits you but does no damage. The worm completely misses you.
The gnoll hits you with a spear.
There is a stone staircase leading up here.
The bat hits you but does no damage. The quokka bites you.
The gnoll hits you with a spear! The gnoll hits you with a spear.
The quokka bites you. The bat hits you but does no damage. The worm bites you.
* * * LOW HITPOINT WARNING * * *
You climb upwards.
There is a stone staircase leading down here.
A red film seems to cover your vision as you go berserk!
You feel yourself moving faster!
You feel mighty!
You feel somewhat more hungry. The bat closely misses you.
The gnoll hits you with a spear.
* * * LOW HITPOINT WARNING * * *
The gnoll hits you but does no damage.
You feel a strong urge to attack something.
The bat barely misses you.
The gnoll hits you from afar with a spear!
You die...

#.#####.... #.# ##.... #### #.#
#...8. ...###### #####.####..≈≈≈
........###### ###...#.#.....≈≈≈
........#....####.............≈≈≈
.#..#...#....#.##.#.÷.........≈≈≈
#..#..........g##b..........)....
..#..........##>@##.............(
.#..#...#....##gw##..............
#..#....#.....r##........####....
..#.....#....#.##.##.............
.#..#.............##.........####
#..#.........#...###.............
..#..........#...#######.........
.#..#........#.......P##.........
#..#....#.........P.P≈..#+#...###


You could see a worm, 2 gnolls, a quokka and a bat.

Vanquished Creatures
  A giant cockroach (D:1)
  A goblin (D:1)
  2 bats (D:1)
  4 kobolds (D:1)
  2 rats (D:1)
10 creatures vanquished.

Notes
Turn   | Place    | Note
--------------------------------------------------------------
     0 | D:1      | Ery the Minotaur Berserker began the quest for the Orb.
     0 | D:1      | Reached XP level 1. HP: 19/19 MP: 0/0
   591 | D:1      | Reached skill level 4 in Fighting
   591 | D:1      | Reached XP level 2. HP: 25/27 MP: 1/1
   835 | D:2      | Noticed Jessica
   881 | D:1      | Slain by a gnoll

Skill      XL: |  1 |
---------------+----+-----
Fighting       | 4 |  4.0
Axes           | |  3.7
Armour         | |  2.7
Dodging        | |  2.3

Action                   || total
-------------------------++-------
Melee: Hand axe          ||    23
       Headbutt          ||     1
Invok: Berserk           ||     1
Armor: Animal skin       ||     8
Dodge: Dodged            ||    16
